Map: Flashback EE

Players

MrFercho

  • Race: Zerg Zerg
  • League: Gold
  • Spawn Location: 11:00

TATORREA

  • Race: Protoss Protoss
  • League: Gold
  • Spawn Location: 9:00

tigro

  • Race: Terran Terran
  • League: Bronze
  • Spawn Location: 11:00

CareGuama

  • Race: Zerg Zerg
  • League: Platinum
  • Spawn Location: 7:00

PowerDC

  • Race: Terran Terran
  • League: Platinum
  • Spawn Location: 7:00

Mayher

  • Race: Zerg Zerg
  • League: Silver
  • Spawn Location: 7:00

VOD

Have the link to the VOD?

Description

Time

  • Played on: July 21, 2020, 9:29 p.m.
  • Length: 11:25
Show
View Real Time Build Order
Export as new Build Order

MrFercho Zerg 

Build Orders: Hatch First 

Get SALT Encoding   

  12  0:01  Drone  
  13  0:13  Overlord  
  13  0:18  Drone  
  14  0:33  Drone x2  
  16  0:53  Drone  
  16  0:55  Hatchery  
  17  0:57  Drone  
  17  1:06  Drone  
  17  1:10  Extractor  
  17  1:23  Spawning Pool, Drone x2  
  18  1:31  Drone  
  19  1:42  Overlord  
  19  1:52  Drone  
  20  2:11  Queen x2  
  20  2:12  Drone x3  
  28  2:22  Drone  
  28  2:24  Metabolic Boost  
  28  2:26  Drone  
  29  2:34  Zergling x4  
  31  2:40  Drone  
  32  2:44  Drone  
  32  2:49  Queen  
  35  2:55  Drone  
  35  2:56  Lair  
  35  2:57  Overlord  
  36  3:18  Drone x4  
  36  3:19  Drone  
  41  3:20  Drone x2  
  41  3:22  Drone  
  41  3:24  Overlord x2  
  44  3:39  Hatchery  
  43  3:50  Drone x5  
  48  4:02  Nydus Network  
  48  4:04  Evolution Chamber  
  46  4:11  Drone x4  
  50  4:25  Overlord  
  50  4:26  Overlord x3  
  50  4:35  Zerg Melee Weapons Level 1  
  50  4:44  Hatchery  
  44  5:24  Zergling x8  
  44  5:25  Zergling x24  
  58  5:52  Spore Crawler  
  57  5:57  Zergling x2  
  57  5:58  Zergling x18  
  67  6:18  Hydralisk Den  
  66  6:21  Extractor  
  66  6:23  Extractor  
  66  6:24  Spore Crawler  
  63  6:26  Spore Crawler  
  63  6:27  Spore Crawler  
  63  6:28  Drone  
  63  6:29  Drone x3  
  63  6:57  Nydus Canal  
  63  7:01  Zergling x8  
  63  7:02  Zergling x6  
  63  7:05  Zerg Missile Weapons Level 1  
  63  7:08  Muscular Augments  
  59  7:38  Zergling x18  
  53  8:00  Drone x3  
  56  8:13  Hydralisk x5  
  56  8:16  Overseer  
  56  8:19  Spore Crawler  
  65  8:21  Spore Crawler  
  65  8:22  Spore Crawler  
  65  8:23  Grooved Spines  
  65  8:24  Hydralisk x2  
  67  8:38  Overlord  
  67  8:39  Hydralisk x4  
  75  8:54  Nydus Canal  
  75  8:59  Hydralisk  
  75  9:00  Hydralisk  
  75  9:02  Zergling x8  
  79  9:24  Zergling x8  
  12  10:17  Hatchery  
Show
View Real Time Build Order
Export as new Build Order

TATORREA Protoss 

Build Orders:  

Get SALT Encoding   

  12  0:01  Probe  
  13  0:13  Probe  
  14  0:26  Pylon  
  14  0:29  Probe  
  15  0:44  Probe  
  16  0:55  Gateway  
  16  0:57  Probe  
  17  1:09  Probe  
  17  1:11  Assimilator  
  17  1:14  Pylon  
  17  1:21  Probe  
  18  1:31  Probe  
  18  1:39  Probe  
  20  1:51  Nexus  
  20  1:59  Cybernetics Core  
  20  2:09  Probe  
  21  2:16  Assimilator  
  21  2:19  Zealot  
  21  2:20  Gateway  
  21  2:21  Probe  
  24  2:33  Probe  
  25  2:38  Gateway  
  25  2:44  Warp Gate  
  25  2:45  Probe  
  25  2:46  Zealot  
  28  2:58  Probe  
  29  3:04  Twilight Council  
  29  3:05  Probe  
  30  3:09  Pylon  
  30  3:10  Zealot  
  32  3:17  Zealot  
  34  3:20  Probe  
  34  3:22  Probe  
  34  3:26  Charge  
  36  3:28  Zealot  
  38  3:38  Probe  
  38  3:39  Robotics Facility  
  38  3:40  Probe  
  40  3:50  Probe  
  40  3:53  Probe  
  42  4:02  Probe  
  43  4:05  Probe  
  44  4:14  Probe  
  44  4:15  Pylon  
  45  4:18  Probe  
  45  4:19  Pylon  
  46  4:26  Probe  
  46  4:27  Immortal  
  51  4:33  Zealot  
  51  4:34  Zealot  
  51  4:35  Zealot  
  51  4:37  Probe  
  58  4:56  Zealot x2  
  58  4:58  Zealot  
  63  5:34  Stalker x2  
  63  5:35  Stalker  
  64  6:06  Stalker x3, Blink  
  70  6:22  Probe x2  
  68  6:27  Forge  
  66  6:34  Probe  
  66  6:38  Pylon  
  65  6:42  Pylon  
  65  6:46  Pylon  
  61  7:03  Probe x2  
  63  7:15  Photon Cannon, Probe x2  
  65  7:17  Photon Cannon  
  65  7:19  Photon Cannon  
  65  7:21  Photon Cannon  
  65  7:26  Photon Cannon  
  65  7:27  Shield Battery, Probe x2  
  67  7:30  Shield Battery, Protoss Ground Weapons Level 1  
  67  7:43  Immortal  
  67  7:51  Pylon  
  67  7:55  Pylon  
  67  7:57  Zealot x2  
  75  7:58  Pylon  
  75  8:00  Assimilator  
  75  8:04  Assimilator  
  61  8:30  Zealot  
  61  8:32  Stalker x2  
  51  8:46  Shield Battery  
  49  8:48  Shield Battery  
  49  8:53  Photon Cannon  
  49  8:54  Photon Cannon  
  41  8:56  Photon Cannon  
  24  9:07  Zealot x2  
  26  9:24  Immortal  
  26  9:37  Cybernetics Core  
  26  10:02  Photon Cannon  
  26  10:03  Photon Cannon  
  26  10:07  Photon Cannon  
  26  10:15  Stalker  
  26  10:16  Stalker  
  26  10:41  Zealot x2  
Show
View Real Time Build Order
Export as new Build Order

tigro Terran 

Build Orders:  

Get SALT Encoding   

  12  0:02  SCV  
  13  0:14  SCV  
  14  0:29  SCV  
  14  0:35  Supply Depot  
  15  0:36  Refinery  
  16  0:57  SCV  
  16  0:58  Supply Depot  
  16  1:00  Barracks  
  16  1:09  SCV  
  17  1:18  Refinery  
  17  1:21  SCV  
  18  1:33  SCV  
  19  1:45  SCV  
  20  1:50  Engineering Bay  
  20  1:53  Marine  
  21  1:57  SCV  
  22  2:09  SCV  
  22  2:11  Marine  
  24  2:21  Factory  
  24  2:22  SCV  
  25  2:29  Marine  
  26  2:34  SCV  
  27  2:38  Terran Infantry Weapons Level 1  
  27  2:46  Orbital Command  
  27  2:47  Marine  
  28  3:04  Marine  
  29  3:07  Factory Tech Lab  
  29  3:29  Barracks Tech Lab  
  29  3:32  Starport  
  29  3:35  Command Center  
  29  3:41  Siege Tank  
  32  3:49  Combat Shield  
  32  3:52  Marine  
  33  4:10  Marine  
  33  4:11  Medivac  
  36  4:32  Armory, Terran Infantry Armor Level 1  
  36  4:48  Refinery  
  36  5:14  Marine  
  37  5:29  Starport Tech Lab  
  37  5:32  Marine  
  37  5:49  Marine  
  37  6:00  Starport Tech Lab  
  35  6:07  Marine  
  35  6:25  Marine  
  35  6:29  Missile Turret  
  34  6:50  Missile Turret  
  32  7:04  Viking  
  34  7:10  Missile Turret  
  31  7:30  Missile Turret  
  31  7:34  Viking  
  33  7:40  Missile Turret  
  33  7:49  SCV  
  34  7:59  Hi-Sec Auto Tracking, Missile Turret  
  34  8:01  Fusion Core, SCV  
  34  8:04  Viking  
  37  8:08  Refinery  
  37  8:13  SCV  
  37  8:19  Missile Turret  
  38  8:25  SCV  
  38  8:26  Command Center  
  39  8:27  Siege Tank  
  73  8:34  Viking  
  42  8:37  SCV  
  42  8:39  Missile Turret  
  36  8:54  Marine  
  37  8:56  Neosteel Armor  
  37  8:58  Missile Turret  
  34  9:22  Viking, Marine  
  28  9:25  Missile Turret  
  26  9:40  Marine  
  26  9:41  Refinery  
  26  9:52  Viking  
  26  9:57  Marine  
  26  10:12  SCV  
  27  10:15  Marine  
  28  10:22  Viking  
  28  10:27  SCV  
  30  10:38  Marine  
  30  10:41  Supply Depot  
  28  10:52  Viking  
  30  11:02  Marine  
  30  11:03  Supply Depot  
Show
View Real Time Build Order
Export as new Build Order

CareGuama Zerg 

Build Orders: Hatch First 

Get SALT Encoding   

  12  0:04  Drone  
  13  0:14  Overlord  
  13  0:18  Drone  
  14  0:33  Drone x2  
  16  0:39  Drone  
  17  0:50  Drone  
  18  1:05  Hatchery  
  17  1:35  Spawning Pool  
  16  1:40  Extractor  
  15  2:01  Drone  
  15  2:02  Drone x2  
  18  2:23  Queen  
  18  2:25  Queen  
  18  2:27  Drone  
  23  2:31  Drone  
  23  2:36  Drone  
  25  2:41  Drone x2  
  27  2:48  Drone  
  28  2:59  Overlord  
  28  3:09  Hatchery  
  27  3:13  Metabolic Boost  
  27  3:18  Zergling x2  
  28  3:22  Drone  
  28  3:23  Drone x4  
  33  3:28  Lair  
  33  3:38  Drone x3  
  33  3:39  Extractor  
  35  3:42  Extractor  
  35  3:46  Extractor  
  33  3:49  Drone x3  
  33  3:50  Overlord  
  36  4:22  Drone  
  36  4:23  Drone x9  
  46  4:32  Drone x3  
  49  4:39  Zergling x2  
  49  4:42  Overlord  
  49  4:43  Overlord x2  
  50  5:07  Zergling x10  
  50  5:08  Zergling x10  
  60  5:17  Zergling x6  
  63  5:29  Zergling x10  
  68  5:51  Drone  
  68  5:52  Drone x5  
  74  6:00  Spore Crawler  
  74  6:02  Spore Crawler  
  72  6:30  Roach Warren  
  71  6:33  Evolution Chamber  
  71  6:37  Evolution Chamber  
  69  6:42  Zergling x2  
  69  6:43  Zergling x8, Overlord  
  69  6:44  Overlord x4  
  74  7:01  Overlord x3, Queen  
  76  7:12  Zergling x18  
  85  7:29  Roach  
  87  7:30  Roach x8  
  97  7:58  Zerg Missile Weapons Level 1  
  97  7:59  Zerg Melee Weapons Level 1  
  97  8:00  Glial Reconstitution  
  97  8:03  Roach x10  
  97  8:04  Roach x2  
  109  8:28  Roach x5  
  109  8:29  Roach x8  
  128  8:44  Roach x3  
  128  8:45  Roach x2  
  136  9:07  Overlord x3  
  135  9:24  Overlord x3  
  135  9:35  Roach  
  135  9:36  Roach x6  
  147  9:45  Roach x2  
  151  10:00  Roach  
  151  10:01  Roach x5  
  163  10:10  Roach x3  
  168  10:25  Roach x3  
  173  10:42  Roach x3  
  178  10:43  Overlord x3  
  165  11:04  Zergling x2  
  165  11:05  Zergling x10  
Show
View Real Time Build Order
Export as new Build Order

PowerDC Terran 

Build Orders:  

Get SALT Encoding   

  12  0:00  SCV  
  13  0:22  SCV  
  13  0:25  Supply Depot  
  14  0:34  SCV  
  15  0:42  Refinery  
  15  0:47  SCV  
  15  0:48  Barracks  
  16  0:59  SCV  
  17  1:10  Refinery  
  17  1:11  SCV  
  18  1:23  SCV  
  19  1:27  Supply Depot  
  19  1:35  SCV  
  20  1:47  SCV  
  20  1:48  Barracks Reactor  
  21  1:56  Factory  
  21  1:59  SCV  
  22  2:12  SCV  
  23  2:24  SCV  
  24  2:36  SCV  
  25  2:45  Starport  
  25  2:47  Factory Tech Lab  
  25  2:50  Command Center  
  25  2:51  SCV  
  26  3:03  Orbital Command  
  26  3:10  Supply Depot  
  26  3:26  Fusion Core  
  26  3:36  SCV  
  26  3:39  Hellion x2  
  31  3:49  SCV  
  32  4:01  SCV  
  33  4:15  Battlecruiser  
  39  4:19  Orbital Command  
  39  4:20  Supply Depot  
  39  4:31  Hellion x2  
  43  4:37  SCV  
  44  4:49  SCV  
  45  4:55  Hellion x2  
  45  4:58  Refinery x2  
  45  5:23  Battlecruiser  
  47  5:50  Starport  
  43  6:27  Battlecruiser  
  43  7:10  Weapon Refit  
  43  7:12  Starport Tech Lab  
  36  7:46  SCV x2  
  38  7:58  SCV x2  
  38  8:02  Refinery  
  40  8:10  SCV  
  41  8:26  Battlecruiser x2  
  53  8:46  Hellion x2  
  53  8:48  SCV x2  
  59  8:56  Command Center  
  59  9:00  SCV  
  59  9:01  SCV  
  61  9:12  SCV  
  61  9:13  SCV  
  41  9:25  SCV  
  38  9:37  SCV  
  39  9:52  Orbital Command  
  33  10:16  Hellion  
  33  10:17  Hellion  
  33  10:34  Starport  
  39  10:36  Starport, Factory  
  39  10:38  Hellion  
  41  11:13  Supply Depot  
  41  11:14  Supply Depot  
  41  11:19  Engineering Bay  
  41  11:20  Barracks  
  41  11:22  Barracks  
  41  11:23  Barracks x2  
Show
View Real Time Build Order
Export as new Build Order

Mayher Zerg 

Build Orders: Pool First 

Get SALT Encoding   

  12  0:06  Drone  
  13  0:18  Overlord  
  13  0:25  Drone  
  14  0:29  Extractor, Drone  
  14  0:49  Overlord  
  15  0:50  Drone  
  15  0:57  Spawning Pool  
  15  1:01  Drone  
  15  1:03  Drone  
  16  1:24  Drone x2  
  18  1:49  Drone x2  
  18  1:53  Metabolic Boost  
  20  2:15  Hatchery, Drone  
  19  2:16  Drone  
  21  2:23  Roach Warren, Drone  
  21  2:24  Extractor  
  20  2:31  Lair  
  20  2:38  Drone  
  21  2:50  Drone x2  
  23  3:13  Drone x2  
  25  3:31  Queen  
  25  3:33  Queen  
  29  3:49  Spire  
  29  3:50  Drone x2  
  29  3:51  Drone  
  31  3:57  Spore Crawler  
  30  4:07  Queen  
  30  4:09  Queen  
  34  4:10  Drone x2  
  34  4:16  Overlord  
  34  4:17  Overlord  
  36  4:31  Spore Crawler  
  35  4:32  Drone  
  35  4:36  Extractor  
  35  4:38  Overlord  
  35  4:39  Extractor, Drone x2  
  36  4:47  Drone x5  
  41  5:02  Hydralisk Den  
  41  5:04  Mutalisk x3  
  46  5:18  Drone  
  46  5:19  Drone x4  
  51  5:37  Mutalisk x4  
  51  5:41  Overlord x2  
  59  6:14  Mutalisk  
  59  6:15  Mutalisk x4  
  69  6:35  Mutalisk x2  
  73  7:04  Hatchery  
  72  7:33  Roach  
  72  7:34  Roach x2  
  76  7:53  Overlord x4  
  76  8:38  Mutalisk x5  
  76  8:39  Mutalisk x2  
  65  9:45  Roach x2  
  65  9:46  Roach  
  40  10:07  Mutalisk x3  
  46  10:29  Drone  
Tags
 
Add a new tag
Caveats
  • Supply blocks, unpowered buildings, or Contaminate may cause inaccurate times.
  • Supply counts are checked every 10 seconds.